Remparts vs Mustangs
Created - October 20, 2020 at 19:27
Goals
|
| Remparts |
1 |
2 |
1 |
4 |
| Mustangs |
0 |
2 |
3 |
5 |
|
Shots
|
| Remparts |
3 |
18 |
12 |
33 |
| Mustangs |
19 |
6 |
11 |
36 |
|
1st period
1. Remparts , Aleksander Barkov 1 (Tobias Rieder 1) at 13:40 (PP)
Penalties :
Aleksander Barkov (Que) for Tripping (Minor) at 3:29, Anthony Beauvillier (Ham) for Holding (Minor) at 13:36, Michael Latta (Que) for High sticking (Minor) at 16:21
2nd period
2. Remparts , Michal Jordan 1 (Aaron Ekblad 2, Pontus Aberg 1) at 2:42 (PP)
3. Remparts , Tobias Rieder 1 (Aleksander Barkov 1) at 3:44 (PP)
4. Mustangs , Dakota Mermis 1 (Henrik Samuelsson 1, Jonathan Drouin 1) at 17:37
5. Mustangs , Jordan Schmaltz 1 (Melker Karlsson 1, Will Butcher 1) at 19:09 (PP)
Penalties :
Melker Karlsson (Ham) for Hooking (Minor) at 2:29, Andrew O'Brien (Ham) for Cross-checking (Minor) at 3:04, Craig Smith (Ham) for Hooking (Minor) at 3:40, Michael McCarron (Que) for Roughing (Minor) at 7:49, Henrik Samuelsson (Ham) for Roughing (Minor) at 14:38, Michael McCarron (Que) for Holding (Minor) at 19:01
3rd period
6. Mustangs , Mark Stone 1 (Chrstian Dvorak 1, Henrik Samuelsson 2) at 2:32 (PP)
7. Mustangs , Mark Stone 2 (Henrik Samuelsson 3, Will Butcher 2) at 9:42 (PP)
8. Mustangs , Melker Karlsson 1 (Mark Stone 1, Iven Barbashev 1) at 16:34
9. Remparts , Jake Virtanen 1 (Griffin Reinhart 1, Michael Latta 1) at 18:42 (PP)
Penalties :
Michal Jordan (Que) for Hooking (Minor) at 1:38, Niklas Hansson (Que) for Slashing (Minor) at 8:54, Craig Smith (Ham) for Hooking (Minor) at 18:03, Melker Karlsson (Ham) for Holding (Minor) at 19:39
Goalie Stats
Garret Sparks (Que), 31 saves from 36 shots - (0.861), L, 0-2-0, 58:48 minutes
Connor Hellebyuk (Ham), 29 saves from 33 shots - (0.879), W, 1-0-0, 60:00 minutes
Players Stats for Remparts
Player Name G A P +/- PIM S H SB GA TA FO MP PP MP PK MP
------------------------------------------------------------------------------------
Aaron Ekblad 0 1 1 -1 0 4 0 1 0 0 0/0 28:45 3:38 4:24
Aleksander Barkov 1 1 2 0 2 5 2 1 1 0 12/32 20:01 3:45 0:19
Cedric Paquette 0 0 0 0 0 1 0 0 1 0 3/6 9:59 0:04 1:33
Griffin Reinhart 0 1 1 0 0 2 2 1 0 1 0/0 18:38 2:12 0:11
Jake Virtanen 1 0 1 -1 0 2 3 0 0 0 1/1 13:32 2:01 0:00
Jerry D'Amigo 0 0 0 -1 0 3 1 0 0 0 1/1 13:13 0:04 2:11
John Draeger 0 0 0 -1 0 0 0 1 0 0 0/0 15:09 0:00 4:00
Kirill Kaprizov 0 0 0 -1 0 0 1 0 1 0 0/0 14:42 2:01 1:18
Matt Puempel 0 0 0 -1 0 0 0 0 0 0 0/0 10:47 0:00 0:00
Michael Latta 0 1 1 -1 2 1 0 0 0 1 6/14 16:54 2:01 3:16
Michael McCarron 0 0 0 0 4 1 0 0 0 1 0/0 8:03 0:00 0:00
Michal Jordan 1 0 1 -1 2 3 1 1 0 3 0/0 22:35 3:38 0:00
Niklas Hansson 0 0 0 -1 2 1 0 1 0 1 0/0 15:01 0:00 3:36
Pontus Aberg 0 1 1 0 0 0 2 0 0 0 0/1 19:27 3:45 0:00
Quinton Howden 0 0 0 -1 0 4 2 0 0 0 7/9 13:26 0:00 2:39
Roberts Lipsbergs 0 0 0 0 0 1 0 0 0 0 1/1 8:20 0:04 0:07
Tobias Rieder 1 1 2 0 0 5 0 2 0 0 1/4 23:45 3:45 4:11
William Colbert 0 0 0 0 0 0 1 2 0 2 0/0 19:50 2:12 3:23
Players Stats for Mustangs
Player Name G A P +/- PIM S H SB GA TA FO MP PP MP PK MP
------------------------------------------------------------------------------------
Andrew O'Brien 0 0 0 0 2 0 1 1 0 0 0/0 20:37 2:51 1:54
Anthony Beauvillier 0 0 0 0 2 0 0 0 0 0 0/0 11:52 0:22 1:18
Antti Suomela 0 0 0 0 0 0 1 0 0 0 0/2 7:54 0:20 0:30
Chrstian Dvorak 0 1 1 1 0 0 2 0 0 0 0/1 17:38 3:25 0:00
Craig Smith 0 0 0 0 4 1 1 1 2 0 0/0 12:56 0:33 2:05
Curtis Hamilton 0 0 0 0 0 1 0 0 0 0 0/0 7:32 0:00 0:25
Dakota Mermis 1 0 1 2 0 1 1 0 0 1 0/0 10:43 0:00 0:00
Danny Biega 0 0 0 2 0 0 0 0 0 0 0/0 10:43 0:00 0:00
Henrik Samuelsson 0 3 3 1 2 1 3 0 0 0 12/22 19:25 3:51 0:36
Iven Barbashev 0 1 1 0 0 0 1 1 0 0 1/6 10:05 0:00 0:00
Jonathan Drouin 0 1 1 1 0 8 0 0 0 0 0/2 18:50 4:00 0:00
Jordan Schmaltz 1 0 1 0 0 3 2 1 0 1 0/0 28:39 4:56 3:56
Josh Jooris 0 0 0 0 0 2 0 0 0 0 0/1 7:46 0:00 0:50
Mark Stone 2 1 3 1 0 9 0 0 3 0 3/4 19:15 3:14 2:26
Melker Karlsson 1 1 2 1 4 8 1 1 2 0 20/30 21:19 3:36 3:25
Nick Schmaltz 0 0 0 1 0 0 0 0 2 0 1/1 19:28 4:00 0:00
Scott Mayfield 0 0 0 0 0 0 2 0 0 1 0/0 21:03 2:51 1:54
Will Butcher 0 2 2 0 0 2 4 1 0 0 0/0 28:14 4:56 3:56
3 Stars
1 - Mark Stone (Ham)
2 - Henrik Samuelsson (Ham)
3 - Dakota Mermis (Ham)
Power Play
Remparts - 4 on 7 Attempt(s) - 57.14%
Mustangs - 3 on 6 Attempt(s) - 50.00%
Penalty Kill
Remparts - 3 on 6 Attempt(s) - 50.00%
- Score 0 goal in Penalty Kill
Mustangs - 3 on 7 Attempt(s) - 42.86%
- Score 0 goal in Penalty Kill
Team Stat
Remparts - Hits : 15 - Faceoff Wins : 32 - Blocked Shots : 10 - Penalty Minutes : 12
Mustangs - Hits : 19 - Faceoff Wins : 37 - Blocked Shots : 6 - Penalty Minutes : 14
Official
Referees : Unknown
Linesman : Unknown
Game Notes
No Game Note
Finance
Level 1 -- Attendance: 1362 (68.10%) -- Ticket Income $54,480
Level 2 -- Attendance: 710 (71.00%) -- Ticket Income $14,200
Total Attendance: 2072 (69.07%)
Total Ticket Income: $68,680
Other Income: $3,434
Total Income: $72,114
Remparts
5 vs 5 Forward
Center Left Wing Right Wing Time % Phy DF OF
1 Aleksander Barkov Pontus Aberg Tobias Rieder 40 0 2 3
2 Michael Latta Kirill Kaprizov Jake Virtanen 30 0 2 3
3 Quinton Howden Matt Puempel Jerry D'Amigo 20 0 3 2
4 Cedric Paquette Roberts Lipsbergs Michael McCarron 10 1 2 2
5 vs 5 Defense
Defense Defense Time % Phy DF OF
1 Aaron Ekblad Michal Jordan 40 0 2 3
2 William Colbert Griffin Reinhart 30 1 2 2
3 Niklas Hansson John Draeger 20 1 2 2
4 Aaron Ekblad Griffin Reinhart 10 1 2 2
PowerPlay Forward
Center Left Wing Right Wing Time % Phy DF OF
1 Aleksander Barkov Pontus Aberg Tobias Rieder 60 0 1 4
2 Michael Latta Kirill Kaprizov Jake Virtanen 40 0 1 4
PowerPlay Defense
Defense Defense Time % Phy DF OF
1 Aaron Ekblad Michal Jordan 60 0 2 3
2 Griffin Reinhart William Colbert 40 0 2 3
Penalty Kill 4 Players Forward
Center Wing Time % Phy DF OF
1 Michael Latta Tobias Rieder 60 1 3 1
2 Quinton Howden Jerry D'Amigo 40 1 3 1
Penalty Kill 4 Players Defense
Defense Defense Time % Phy DF OF
1 Aaron Ekblad Niklas Hansson 60 1 4 0
2 William Colbert John Draeger 40 1 4 0
Penalty Kill - 3 Players Forward
Forward Time % Phy DF OF
1 Michael Latta 60 1 3 1
2 Tobias Rieder 40 1 3 1
Penalty Kill - 3 Players Defense
Defense Defense Time % Phy DF OF
1 Niklas Hansson Aaron Ekblad 60 1 4 0
2 John Draeger William Colbert 40 1 4 0
4 vs 4 Forward
Center Wing Time % Phy DF OF
1 Aleksander Barkov Pontus Aberg 60 0 2 3
2 Michael Latta Tobias Rieder 40 0 2 3
4 vs 4 Defense
Defense Defense Time % Phy DF OF
1 Aaron Ekblad Michal Jordan 60 0 2 3
2 William Colbert Griffin Reinhart 40 1 2 2
Last Minutes Offensive
Center Left Wing Right Wing Defense Defense
Aleksander Barkov Pontus Aberg Tobias Rieder Aaron Ekblad Griffin Reinhart
Last Minutes Defensive
Center Left Wing Right Wing Defense Defense
Aleksander Barkov Pontus Aberg Tobias Rieder Aaron Ekblad Niklas Hansson
Goaltenders
Starting : Garret Sparks
Backup : Igor Bobkov
Extra Forwards
Normal : Tobias Rieder, Aleksander Barkov, Pontus Aberg - PP : Jake Virtanen, Aleksander Barkov - PK : Michael Latta
Extra Defensemen
Normal : Griffin Reinhart, Aaron Ekblad, Michal Jordan - PP : Niklas Hansson - PK : John Draeger, Aaron Ekblad
Penalty Shots
Aleksander Barkov, Tobias Rieder, Pontus Aberg, Quinton Howden, Jerry D'Amigo
Scratches
Viktor Baldayev (Healthy), Juuso Ikonen (Healthy), Michael Downing (Healthy), Keaton Thompson (Healthy), Kyle Platzer (Healthy)
Connor Honey (Healthy), Caleb Jones (Healthy), Lukas Vejdemo (Healthy), Kyle Capobianco (Healthy), Dmytro Timashov (Healthy)
Anton Zlobin (Healthy), Mitchell Heard (Healthy), Nelson Nogier (Healthy), Marek Langhamer (Healthy)
Mustangs
5 vs 5 Forward
Center Left Wing Right Wing Time % Phy DF OF
1 Henrik Samuelsson Jonathan Drouin Nick Schmaltz 40 1 2 2
2 Melker Karlsson Chrstian Dvorak Mark Stone 30 1 2 2
3 Iven Barbashev Anthony Beauvillier Craig Smith 20 1 2 2
4 Antti Suomela Curtis Hamilton Josh Jooris 10 1 2 2
5 vs 5 Defense
Defense Defense Time % Phy DF OF
1 Will Butcher Jordan Schmaltz 44 1 2 2
2 Scott Mayfield Andrew O'Brien 33 1 2 2
3 Dakota Mermis Danny Biega 23 1 2 2
4 Will Butcher Jordan Schmaltz 0 1 2 2
PowerPlay Forward
Center Left Wing Right Wing Time % Phy DF OF
1 Melker Karlsson Jonathan Drouin Nick Schmaltz 60 1 2 2
2 Henrik Samuelsson Chrstian Dvorak Mark Stone 40 1 2 2
PowerPlay Defense
Defense Defense Time % Phy DF OF
1 Will Butcher Jordan Schmaltz 60 1 2 2
2 Scott Mayfield Andrew O'Brien 40 1 2 2
Penalty Kill 4 Players Forward
Center Wing Time % Phy DF OF
1 Melker Karlsson Craig Smith 60 1 2 2
2 Henrik Samuelsson Josh Jooris 40 1 2 2
Penalty Kill 4 Players Defense
Defense Defense Time % Phy DF OF
1 Will Butcher Jordan Schmaltz 60 1 2 2
2 Scott Mayfield Andrew O'Brien 40 1 2 2
Penalty Kill - 3 Players Forward
Forward Time % Phy DF OF
1 Melker Karlsson 60 1 2 2
2 Henrik Samuelsson 40 1 2 2
Penalty Kill - 3 Players Defense
Defense Defense Time % Phy DF OF
1 Will Butcher Jordan Schmaltz 60 1 2 2
2 Scott Mayfield Andrew O'Brien 40 1 2 2
4 vs 4 Forward
Center Wing Time % Phy DF OF
1 Melker Karlsson Jonathan Drouin 60 1 2 2
2 Henrik Samuelsson Mark Stone 40 1 2 2
4 vs 4 Defense
Defense Defense Time % Phy DF OF
1 Will Butcher Jordan Schmaltz 60 1 2 2
2 Scott Mayfield Andrew O'Brien 40 1 2 2
Last Minutes Offensive
Center Left Wing Right Wing Defense Defense
Melker Karlsson Jonathan Drouin Nick Schmaltz Will Butcher Jordan Schmaltz
Last Minutes Defensive
Center Left Wing Right Wing Defense Defense
Melker Karlsson Chrstian Dvorak Nick Schmaltz Will Butcher Jordan Schmaltz
Goaltenders
Starting : Connor Hellebyuk
Backup : Anthony Stolarz
Extra Forwards
Normal : Henrik Samuelsson, Melker Karlsson, Iven Barbashev - PP : Jonathan Drouin, Nick Schmaltz - PK : Mark Stone
Extra Defensemen
Normal : Will Butcher, Scott Mayfield, Dakota Mermis - PP : Will Butcher - PK : Jordan Schmaltz, Andrew O'Brien
Penalty Shots
Mark Stone, Josh Jooris, Jonathan Drouin, Nick Schmaltz, Chrstian Dvorak
Scratches
Denis Malgin (Healthy), Matthew Finn (Healthy), Raphael Bussieres (Healthy), Sam Kurker (Healthy), Max Gortz (Healthy)
Josh Ho-Sang (Healthy), Brett Pollock (Healthy), Steven Spinner (Healthy), Jason Missiaen (Healthy)
% Time on Ice - Remparts
Lines # - Real PCT - Wanted PCT - Time Play
Normal Forward
1 - 34% - 40% - 15:30
2 - 25% - 30% - 11:31
3 - 24% - 20% - 10:47
4 - 17% - 10% - 7:58
Normal Defense
1 - 40% - 40% - 18:32
2 - 31% - 30% - 14:15
3 - 25% - 20% - 11:19
4 - 4% - 10% - 1:40
PP Forward
1 - 65% - 60% - 3:49
2 - 35% - 40% - 2:01
PP Defense
1 - 62% - 60% - 3:38
2 - 38% - 40% - 2:12
PK Forward
1 - 72% - 60% - 5:36
2 - 28% - 40% - 2:11
PK Defense
1 - 57% - 60% - 4:24
2 - 43% - 40% - 3:23
PK3 Forward
1 - 0% - 60%
2 - 0% - 40%
PK3 Defense
1 - 0% - 60%
2 - 0% - 40%
44 Forward
1 - 0% - 60%
2 - 0% - 40%
44 Defense
1 - 0% - 60%
2 - 0% - 40%
Last Minute Offensive - 0:37
Last Minute Defensive - 0:00
Total
Forward - 60:00
Defense - 60:00
|
% Time on Ice - Mustangs
Lines # - Real PCT - Wanted PCT - Time Play
Normal Forward
1 - 33% - 40% - 15:09
2 - 30% - 30% - 13:35
3 - 22% - 20% - 10:05
4 - 15% - 10% - 6:56
Normal Defense
1 - 42% - 44% - 19:09
2 - 35% - 33% - 15:53
3 - 23% - 23% - 10:43
4 - 0% - 0% - 0:00
PP Forward
1 - 55% - 60% - 4:19
2 - 45% - 40% - 3:28
PP Defense
1 - 63% - 60% - 4:56
2 - 37% - 40% - 2:51
PK Forward
1 - 86% - 60% - 4:56
2 - 14% - 40% - 0:50
PK Defense
1 - 67% - 60% - 3:52
2 - 33% - 40% - 1:54
PK3 Forward
1 - 100% - 60% - 0:04
2 - 0% - 40% - 0:00
PK3 Defense
1 - 100% - 60% - 0:04
2 - 0% - 40% - 0:00
44 Forward
1 - 0% - 60%
2 - 0% - 40%
44 Defense
1 - 0% - 60%
2 - 0% - 40%
Last Minute Offensive - 0:00
Last Minute Defensive - 0:38
Total
Forward - 60:00
Defense - 60:00
|
Play-by-Play
1st period
0:01 of 1st period - Henrik Samuelsson wins face-off versus Aleksander Barkov in neutral zone.
0:26 of 1st period - Kirill Kaprizov is hit by Will Butcher.
1:11 of 1st period - Snap shot by Antti Suomela.
1:11 of 1st period - Shot Blocked by Niklas Hansson.
2:41 of 1st period - Slapshot by Will Butcher.
2:41 of 1st period - Shot Blocked by Griffin Reinhart.
2:43 of 1st period - Slapshot by Will Butcher.
2:43 of 1st period - Shot Blocked by William Colbert.
2:45 of 1st period - Slapshot by Will Butcher.
2:45 of 1st period - Stopped by Garret Sparks without a rebound.
2:46 of 1st period - Melker Karlsson wins face-off versus Michael Latta in Remparts zone.
2:47 of 1st period - Wrist shot by Mark Stone.
2:47 of 1st period - Stopped by Garret Sparks without a rebound.
2:48 of 1st period - Melker Karlsson wins face-off versus Michael Latta in Remparts zone.
2:51 of 1st period - Snap shot by Melker Karlsson.
2:51 of 1st period - Stopped by Garret Sparks with a rebound.
3:13 of 1st period - Henrik Samuelsson is hit by Pontus Aberg.
3:29 of 1st period - Minor Penalty to Aleksander Barkov for Tripping.
3:30 of 1st period - Melker Karlsson wins face-off versus Michael Latta in Remparts zone.
3:35 of 1st period - Snap shot by Jonathan Drouin.
3:35 of 1st period - Stopped by Garret Sparks without a rebound.
3:36 of 1st period - Melker Karlsson wins face-off versus Michael Latta in Remparts zone.
5:29 of 1st period - Penalty to Aleksander Barkov is over, Aleksander Barkov is back on ice.
5:36 of 1st period - Griffin Reinhart is hit by Andrew O'Brien.
6:00 of 1st period - Wrist shot by Josh Jooris.
6:00 of 1st period - Stopped by Garret Sparks without a rebound.
6:01 of 1st period - Quinton Howden wins face-off versus Antti Suomela in Remparts zone.
6:12 of 1st period - Snap shot by Josh Jooris.
6:12 of 1st period - Stopped by Garret Sparks with a rebound.
6:18 of 1st period - Snap shot by Curtis Hamilton.
6:18 of 1st period - Shot Hit the Post.
6:22 of 1st period - Snap shot by Josh Jooris.
6:22 of 1st period - Deflect By Curtis Hamilton.
6:22 of 1st period - Stopped by Garret Sparks with a rebound.
7:30 of 1st period - Slapshot by Jerry D'Amigo.
7:30 of 1st period - Stopped by Connor Hellebyuk without a rebound.
7:31 of 1st period - Aleksander Barkov wins face-off versus Henrik Samuelsson in Mustangs zone.
7:32 of 1st period - Snap shot by Pontus Aberg.
7:32 of 1st period - Shot Misses the Net.
8:06 of 1st period - Snap shot by Mark Stone.
8:06 of 1st period - Stopped by Garret Sparks with a rebound.
8:21 of 1st period - Off-side.
8:22 of 1st period - Nick Schmaltz wins face-off versus Cedric Paquette in neutral zone.
8:35 of 1st period - Cedric Paquette is hit by Henrik Samuelsson and loses puck.
9:05 of 1st period - William Colbert is hit by Henrik Samuelsson and loses puck.
9:10 of 1st period - Wrist shot by Jonathan Drouin.
9:10 of 1st period - Stopped by Garret Sparks without a rebound.
9:11 of 1st period - Mark Stone wins face-off versus Aleksander Barkov in Remparts zone.
9:19 of 1st period - Snap shot by Mark Stone.
9:19 of 1st period - Stopped by Garret Sparks without a rebound.
9:20 of 1st period - Melker Karlsson wins face-off versus Aleksander Barkov in Remparts zone.
9:29 of 1st period - Snap shot by Melker Karlsson.
9:29 of 1st period - Deflect By Chrstian Dvorak.
9:29 of 1st period - Shot Blocked by Aleksander Barkov.
9:29 of 1st period - Puck is out of play.
9:30 of 1st period - Aleksander Barkov wins face-off versus Melker Karlsson in Remparts zone.
11:02 of 1st period - Icing by John Draeger.
11:03 of 1st period - Aleksander Barkov wins face-off versus Henrik Samuelsson in Remparts zone.
11:29 of 1st period - Snap shot by Chrstian Dvorak.
11:29 of 1st period - Deflect By Mark Stone.
11:29 of 1st period - Shot Misses the Net.
11:29 of 1st period - Puck is out of play.
11:30 of 1st period - Michael Latta wins face-off versus Chrstian Dvorak in Remparts zone.
12:14 of 1st period - Off-side.
12:15 of 1st period - Iven Barbashev wins face-off versus Cedric Paquette in neutral zone.
12:20 of 1st period - Slapshot by William Colbert.
12:20 of 1st period - Shot Blocked by Iven Barbashev.
12:44 of 1st period - Snap shot by Aleksander Barkov.
12:44 of 1st period - Stopped by Connor Hellebyuk without a rebound.
12:45 of 1st period - Henrik Samuelsson wins face-off versus Aleksander Barkov in Mustangs zone.
12:52 of 1st period - Wrist shot by Henrik Samuelsson.
12:52 of 1st period - Stopped by Garret Sparks without a rebound.
12:53 of 1st period - Henrik Samuelsson wins face-off versus Aleksander Barkov in Remparts zone.
13:04 of 1st period - Snap shot by Jonathan Drouin.
13:04 of 1st period - Stopped by Garret Sparks with a rebound.
13:06 of 1st period - Slapshot by Jordan Schmaltz.
13:06 of 1st period - Shot Blocked by Tobias Rieder.
13:08 of 1st period - Slapshot by Jordan Schmaltz.
13:08 of 1st period - Shot Blocked by Aaron Ekblad.
13:24 of 1st period - Wrist shot by Melker Karlsson.
13:24 of 1st period - Stopped by Garret Sparks with a rebound.
13:36 of 1st period - Minor Penalty to Anthony Beauvillier for Holding.
13:37 of 1st period - Aleksander Barkov wins face-off versus Melker Karlsson in Mustangs zone.
13:40 of 1st period - Wrist shot by Aleksander Barkov.
13:40 of 1st period - Goal by Aleksander Barkov - Remparts : 1 - Mustangs : 0.
13:41 of 1st period - Henrik Samuelsson wins face-off versus Aleksander Barkov in neutral zone.
13:51 of 1st period - Off-side.
13:52 of 1st period - Melker Karlsson wins face-off versus Aleksander Barkov in neutral zone.
14:30 of 1st period - William Colbert is hit by Iven Barbashev.
14:39 of 1st period - Icing by Griffin Reinhart.
14:40 of 1st period - Henrik Samuelsson wins face-off versus Aleksander Barkov in Remparts zone.
14:53 of 1st period - Snap shot by Henrik Samuelsson.
14:53 of 1st period - Shot Misses the Net.
14:55 of 1st period - Wrist shot by Henrik Samuelsson.
14:55 of 1st period - Shot Blocked by William Colbert.
15:11 of 1st period - Slapshot by Mark Stone.
15:11 of 1st period - Stopped by Garret Sparks without a rebound.
15:12 of 1st period - Melker Karlsson wins face-off versus Michael Latta in Remparts zone.
15:17 of 1st period - Slapshot by Will Butcher.
15:17 of 1st period - Shot Misses the Net.
15:19 of 1st period - Slapshot by Jordan Schmaltz.
15:19 of 1st period - Deflect By Michael Latta.
15:19 of 1st period - Stopped by Garret Sparks without a rebound.
15:20 of 1st period - Michael Latta wins face-off versus Melker Karlsson in Remparts zone.
15:20 of 1st period - Michael Latta is hit by Chrstian Dvorak.
15:25 of 1st period - Michal Jordan is hit by Will Butcher and loses puck.
15:42 of 1st period - Snap shot by Melker Karlsson.
15:42 of 1st period - Stopped by Garret Sparks with a rebound.
15:44 of 1st period - Snap shot by Melker Karlsson.
15:44 of 1st period - Shot Blocked by Michal Jordan.
15:46 of 1st period - Wrist shot by Chrstian Dvorak.
15:46 of 1st period - Shot Misses the Net.
16:04 of 1st period - Slapshot by Melker Karlsson.
16:04 of 1st period - Stopped by Garret Sparks with a rebound.
16:12 of 1st period - Snap shot by Mark Stone.
16:12 of 1st period - Stopped by Garret Sparks with a rebound.
16:14 of 1st period - Backhand shot by Melker Karlsson.
16:14 of 1st period - Stopped by Garret Sparks with a rebound.
16:16 of 1st period - Slapshot by Jordan Schmaltz.
16:16 of 1st period - Shot Misses the Net.
16:21 of 1st period - Minor Penalty to Michael Latta for High sticking.
16:22 of 1st period - Cedric Paquette wins face-off versus Jonathan Drouin in Remparts zone.
18:21 of 1st period - Penalty to Michael Latta is over, Michael Latta is back on ice.
19:16 of 1st period - Craig Smith is hit by Jerry D'Amigo and loses puck.
Goals for this period are 1 for Remparts vs 0 for Mustangs.
Shots for this period are 3 for Remparts vs 19 for Mustangs.
2nd period
0:01 of 2nd period - Henrik Samuelsson wins face-off versus Aleksander Barkov in neutral zone.
0:26 of 2nd period - William Colbert is hit by Scott Mayfield and loses puck.
0:52 of 2nd period - Chrstian Dvorak is hit by William Colbert.
1:00 of 2nd period - Jordan Schmaltz is hit by Jake Virtanen and loses puck.
2:16 of 2nd period - Icing by Matt Puempel.
2:17 of 2nd period - Melker Karlsson wins face-off versus Quinton Howden in Remparts zone.
2:18 of 2nd period - Wrist shot by Mark Stone.
2:18 of 2nd period - Stopped by Garret Sparks with a rebound.
2:29 of 2nd period - Minor Penalty to Melker Karlsson for Hooking.
2:30 of 2nd period - Mark Stone wins face-off versus Pontus Aberg in Mustangs zone.
2:38 of 2nd period - Snap shot by Pontus Aberg.
2:38 of 2nd period - Shot Misses the Net.
2:40 of 2nd period - Slapshot by Aaron Ekblad.
2:40 of 2nd period - Stopped by Connor Hellebyuk with a rebound.
2:42 of 2nd period - Snap shot by Michal Jordan.
2:42 of 2nd period - Goal by Michal Jordan - Remparts : 2 - Mustangs : 0.
2:43 of 2nd period - Aleksander Barkov wins face-off versus Henrik Samuelsson in neutral zone.
2:54 of 2nd period - Snap shot by Aleksander Barkov.
2:54 of 2nd period - Stopped by Connor Hellebyuk with a rebound.
2:56 of 2nd period - Wrist shot by Aleksander Barkov.
2:56 of 2nd period - Shot Misses the Net.
2:58 of 2nd period - Snap shot by Aaron Ekblad.
2:58 of 2nd period - Shot Misses the Net.
3:04 of 2nd period - Minor Penalty to Andrew O'Brien for Cross-checking.
3:05 of 2nd period - Melker Karlsson wins face-off versus Aleksander Barkov in Mustangs zone.
3:14 of 2nd period - Wrist shot by Tobias Rieder.
3:14 of 2nd period - Deflect By Craig Smith.
3:14 of 2nd period - Stopped by Connor Hellebyuk with a rebound.
3:16 of 2nd period - Wrist shot by Tobias Rieder.
3:16 of 2nd period - Stopped by Connor Hellebyuk without a rebound.
3:17 of 2nd period - Melker Karlsson wins face-off versus Aleksander Barkov in Mustangs zone.
3:28 of 2nd period - Slapshot by Michal Jordan.
3:28 of 2nd period - Stopped by Connor Hellebyuk without a rebound.
3:29 of 2nd period - Aleksander Barkov wins face-off versus Melker Karlsson in Mustangs zone.
3:38 of 2nd period - Slapshot by Aleksander Barkov.
3:38 of 2nd period - Stopped by Connor Hellebyuk with a rebound.
3:40 of 2nd period - Minor Penalty to Craig Smith for Hooking.
3:41 of 2nd period - Tobias Rieder wins face-off versus Melker Karlsson in Mustangs zone.
3:44 of 2nd period - Snap shot by Aleksander Barkov.
3:44 of 2nd period - Deflect By Tobias Rieder.
3:44 of 2nd period - Goal by Tobias Rieder - Remparts : 3 - Mustangs : 0.
3:45 of 2nd period - Melker Karlsson wins face-off versus Aleksander Barkov in neutral zone.
5:40 of 2nd period - Penalty to Craig Smith is over, Craig Smith is back on ice.
5:48 of 2nd period - Wrist shot by Jerry D'Amigo.
5:48 of 2nd period - Shot Blocked by Craig Smith.
5:50 of 2nd period - Wrist shot by Cedric Paquette.
5:50 of 2nd period - Stopped by Connor Hellebyuk without a rebound.
5:51 of 2nd period - Quinton Howden wins face-off versus Josh Jooris in Mustangs zone.
5:52 of 2nd period - Snap shot by Jerry D'Amigo.
5:52 of 2nd period - Stopped by Connor Hellebyuk without a rebound.
5:53 of 2nd period - Quinton Howden wins face-off versus Antti Suomela in Mustangs zone.
6:00 of 2nd period - Snap shot by Jerry D'Amigo.
6:00 of 2nd period - Stopped by Connor Hellebyuk with a rebound.
6:02 of 2nd period - Wrist shot by Niklas Hansson.
6:02 of 2nd period - Shot Misses the Net.
6:06 of 2nd period - Snap shot by Quinton Howden.
6:06 of 2nd period - Stopped by Connor Hellebyuk without a rebound.
6:07 of 2nd period - Aleksander Barkov wins face-off versus Henrik Samuelsson in Mustangs zone.
7:17 of 2nd period - Josh Jooris is hit by Aleksander Barkov and loses puck.
7:49 of 2nd period - Minor Penalty to Michael McCarron for Roughing.
7:50 of 2nd period - Melker Karlsson wins face-off versus Michael Latta in Remparts zone.
8:05 of 2nd period - Wrist shot by Michael Latta.
8:05 of 2nd period - Shot Blocked by Jordan Schmaltz.
9:49 of 2nd period - Penalty to Michael McCarron is over, Michael McCarron is back on ice.
10:19 of 2nd period - Quinton Howden is hit by Antti Suomela and loses puck.
11:08 of 2nd period - Wrist shot by Aleksander Barkov.
11:08 of 2nd period - Stopped by Connor Hellebyuk with a rebound.
11:10 of 2nd period - Slapshot by Niklas Hansson.
11:10 of 2nd period - Shot Misses the Net.
11:16 of 2nd period - Wrist shot by Tobias Rieder.
11:16 of 2nd period - Stopped by Connor Hellebyuk with a rebound.
11:31 of 2nd period - Jonathan Drouin is hit by Jake Virtanen and loses puck.
12:12 of 2nd period - Griffin Reinhart is hit by Jordan Schmaltz.
12:34 of 2nd period - John Draeger is hit by Scott Mayfield and loses puck.
13:17 of 2nd period - Danny Biega is hit by Quinton Howden and loses puck.
13:35 of 2nd period - Cedric Paquette is hit by Craig Smith and loses puck.
13:58 of 2nd period - Pontus Aberg is hit by Dakota Mermis and loses puck.
14:33 of 2nd period - Snap shot by Jake Virtanen.
14:33 of 2nd period - Stopped by Connor Hellebyuk without a rebound.
14:34 of 2nd period - Jerry D'Amigo wins face-off versus Henrik Samuelsson in Mustangs zone.
14:38 of 2nd period - Minor Penalty to Henrik Samuelsson for Roughing.
14:39 of 2nd period - Melker Karlsson wins face-off versus Aleksander Barkov in Mustangs zone.
16:38 of 2nd period - Penalty to Henrik Samuelsson is over, Henrik Samuelsson is back on ice.
17:09 of 2nd period - Slapshot by Griffin Reinhart.
17:09 of 2nd period - Stopped by Connor Hellebyuk without a rebound.
17:10 of 2nd period - Roberts Lipsbergs wins face-off versus Melker Karlsson in Mustangs zone.
17:35 of 2nd period - Snap shot by Henrik Samuelsson.
17:35 of 2nd period - Shot Misses the Net.
17:37 of 2nd period - Slapshot by Dakota Mermis.
17:37 of 2nd period - Goal by Dakota Mermis - Remparts : 3 - Mustangs : 1.
17:38 of 2nd period - Aleksander Barkov wins face-off versus Jonathan Drouin in neutral zone.
18:03 of 2nd period - Jake Virtanen is hit by Chrstian Dvorak and loses puck.
18:08 of 2nd period - Slapshot by Melker Karlsson.
18:08 of 2nd period - Stopped by Garret Sparks without a rebound.
18:09 of 2nd period - Jake Virtanen wins face-off versus Melker Karlsson in Remparts zone.
18:20 of 2nd period - Snap shot by Michael Latta.
18:20 of 2nd period - Stopped by Connor Hellebyuk with a rebound.
18:22 of 2nd period - Snap shot by Griffin Reinhart.
18:22 of 2nd period - Stopped by Connor Hellebyuk with a rebound.
18:24 of 2nd period - Wrist shot by Kirill Kaprizov.
18:24 of 2nd period - Shot Misses the Net.
18:34 of 2nd period - Nick Schmaltz is hit by Griffin Reinhart and loses puck.
18:59 of 2nd period - Snap shot by Craig Smith.
18:59 of 2nd period - Stopped by Garret Sparks with a rebound.
19:01 of 2nd period - Minor Penalty to Michael McCarron for Holding.
19:02 of 2nd period - Melker Karlsson wins face-off versus Michael Latta in Remparts zone.
19:07 of 2nd period - Snap shot by Melker Karlsson.
19:07 of 2nd period - Shot Misses the Net.
19:09 of 2nd period - Snap shot by Jordan Schmaltz.
19:09 of 2nd period - Deflect By Aaron Ekblad.
19:09 of 2nd period - Goal by Jordan Schmaltz - Remparts : 3 - Mustangs : 2.
19:10 of 2nd period - Henrik Samuelsson wins face-off versus Aleksander Barkov in neutral zone.
19:15 of 2nd period - Slapshot by Will Butcher.
19:15 of 2nd period - Deflect By Jonathan Drouin.
19:15 of 2nd period - Stopped by Garret Sparks with a rebound.
19:35 of 2nd period - Aaron Ekblad is hit by Will Butcher and loses puck.
19:40 of 2nd period - Snap shot by Melker Karlsson.
19:40 of 2nd period - Shot Misses the Net.
Goals for this period are 2 for Remparts vs 2 for Mustangs.
Shots for this period are 18 for Remparts vs 6 for Mustangs.
3rd period
0:01 of 3rd period - Aleksander Barkov wins face-off versus Henrik Samuelsson in neutral zone.
0:08 of 3rd period - Aleksander Barkov is hit by Will Butcher and loses puck.
0:50 of 3rd period - Snap shot by Jerry D'Amigo.
0:50 of 3rd period - Shot Misses the Net.
1:16 of 3rd period - Wrist shot by Tobias Rieder.
1:16 of 3rd period - Stopped by Connor Hellebyuk without a rebound.
1:17 of 3rd period - Michael Latta wins face-off versus Henrik Samuelsson in Mustangs zone.
1:38 of 3rd period - Minor Penalty to Michal Jordan for Hooking.
1:39 of 3rd period - Melker Karlsson wins face-off versus Tobias Rieder in Remparts zone.
2:08 of 3rd period - Off-side.
2:09 of 3rd period - Michael Latta wins face-off versus Mark Stone in neutral zone.
2:26 of 3rd period - Snap shot by Henrik Samuelsson.
2:26 of 3rd period - Shot Misses the Net.
2:28 of 3rd period - Wrist shot by Chrstian Dvorak.
2:28 of 3rd period - Shot Misses the Net.
2:30 of 3rd period - Snap shot by Chrstian Dvorak.
2:30 of 3rd period - Shot Misses the Net.
2:32 of 3rd period - Slapshot by Mark Stone.
2:32 of 3rd period - Goal by Mark Stone - Remparts : 3 - Mustangs : 3.
2:33 of 3rd period - Henrik Samuelsson wins face-off versus Tobias Rieder in neutral zone.
2:50 of 3rd period - Off-side.
2:51 of 3rd period - Michael Latta wins face-off versus Melker Karlsson in neutral zone.
3:22 of 3rd period - Wrist shot by Henrik Samuelsson.
3:22 of 3rd period - Shot Blocked by Tobias Rieder.
3:24 of 3rd period - Slapshot by Jordan Schmaltz.
3:24 of 3rd period - Stopped by Garret Sparks with a rebound.
3:26 of 3rd period - Slapshot by Will Butcher.
3:26 of 3rd period - Stopped by Garret Sparks without a rebound.
3:27 of 3rd period - Melker Karlsson wins face-off versus Michael Latta in Remparts zone.
3:42 of 3rd period - Snap shot by Michael Latta.
3:42 of 3rd period - Shot Misses the Net.
4:56 of 3rd period - Pontus Aberg is hit by Jordan Schmaltz.
5:00 of 3rd period - Mark Stone is hit by Michal Jordan and loses puck.
5:34 of 3rd period - Slapshot by Michael McCarron.
5:34 of 3rd period - Shot Misses the Net.
5:36 of 3rd period - Slapshot by Michal Jordan.
5:36 of 3rd period - Shot Blocked by Will Butcher.
5:38 of 3rd period - Backhand shot by Aaron Ekblad.
5:38 of 3rd period - Shot Blocked by Melker Karlsson.
5:40 of 3rd period - Slapshot by Aaron Ekblad.
5:40 of 3rd period - Stopped by Connor Hellebyuk without a rebound.
5:41 of 3rd period - Henrik Samuelsson wins face-off versus Cedric Paquette in Mustangs zone.
6:04 of 3rd period - Slapshot by Aaron Ekblad.
6:04 of 3rd period - Shot Misses the Net.
6:06 of 3rd period - Slapshot by Cedric Paquette.
6:06 of 3rd period - Shot Misses the Net.
6:08 of 3rd period - Wrist shot by Michal Jordan.
6:08 of 3rd period - Shot Misses the Net.
6:10 of 3rd period - Wrist shot by Michael McCarron.
6:10 of 3rd period - Stopped by Connor Hellebyuk with a rebound.
6:12 of 3rd period - Slapshot by Aaron Ekblad.
6:12 of 3rd period - Shot Blocked by Andrew O'Brien.
6:26 of 3rd period - Wrist shot by Aaron Ekblad.
6:26 of 3rd period - Stopped by Connor Hellebyuk with a rebound.
6:28 of 3rd period - Wrist shot by Michal Jordan.
6:28 of 3rd period - Stopped by Connor Hellebyuk without a rebound.
6:29 of 3rd period - Aleksander Barkov wins face-off versus Iven Barbashev in Mustangs zone.
6:56 of 3rd period - Kirill Kaprizov is hit by Melker Karlsson and loses puck.
7:01 of 3rd period - Slapshot by Chrstian Dvorak.
7:01 of 3rd period - Shot Blocked by John Draeger.
7:25 of 3rd period - Icing by Niklas Hansson.
7:26 of 3rd period - Quinton Howden wins face-off versus Henrik Samuelsson in Remparts zone.
8:13 of 3rd period - Scott Mayfield is hit by Quinton Howden and loses puck.
8:25 of 3rd period - Off-side.
8:26 of 3rd period - Henrik Samuelsson wins face-off versus Tobias Rieder in neutral zone.
8:31 of 3rd period - Niklas Hansson is hit by Henrik Samuelsson.
8:46 of 3rd period - Jonathan Drouin is hit by Pontus Aberg.
8:54 of 3rd period - Minor Penalty to Niklas Hansson for Slashing.
8:55 of 3rd period - Michael Latta wins face-off versus Melker Karlsson in Remparts zone.
9:42 of 3rd period - Slapshot by Mark Stone.
9:42 of 3rd period - Goal by Mark Stone - Remparts : 3 - Mustangs : 4.
9:43 of 3rd period - Henrik Samuelsson wins face-off versus Aleksander Barkov in neutral zone.
9:47 of 3rd period - Dakota Mermis is hit by Griffin Reinhart and loses puck.
10:31 of 3rd period - Snap shot by Aaron Ekblad.
10:31 of 3rd period - Stopped by Connor Hellebyuk without a rebound.
10:32 of 3rd period - Cedric Paquette wins face-off versus Iven Barbashev in Mustangs zone.
10:33 of 3rd period - Snap shot by Roberts Lipsbergs.
10:33 of 3rd period - Stopped by Connor Hellebyuk with a rebound.
10:35 of 3rd period - Wrist shot by Niklas Hansson.
10:35 of 3rd period - Shot Misses the Net.
10:37 of 3rd period - Slapshot by Niklas Hansson.
10:37 of 3rd period - Stopped by Connor Hellebyuk without a rebound.
10:38 of 3rd period - Aleksander Barkov wins face-off versus Henrik Samuelsson in Mustangs zone.
10:47 of 3rd period - Backhand shot by Tobias Rieder.
10:47 of 3rd period - Shot Misses the Net.
11:31 of 3rd period - Andrew O'Brien is hit by Kirill Kaprizov and loses puck.
11:54 of 3rd period - Slapshot by Jonathan Drouin.
11:54 of 3rd period - Stopped by Garret Sparks with a rebound.
11:56 of 3rd period - Slapshot by Andrew O'Brien.
11:56 of 3rd period - Deflect By Jonathan Drouin.
11:56 of 3rd period - Stopped by Garret Sparks with a rebound.
11:58 of 3rd period - Slapshot by Jonathan Drouin.
11:58 of 3rd period - Stopped by Garret Sparks without a rebound.
11:59 of 3rd period - Henrik Samuelsson wins face-off versus Quinton Howden in Remparts zone.
12:00 of 3rd period - Wrist shot by Jonathan Drouin.
12:00 of 3rd period - Deflect By Aaron Ekblad.
12:00 of 3rd period - Stopped by Garret Sparks without a rebound.
12:01 of 3rd period - Quinton Howden wins face-off versus Henrik Samuelsson in Remparts zone.
13:40 of 3rd period - Wrist shot by Quinton Howden.
13:40 of 3rd period - Stopped by Connor Hellebyuk without a rebound.
13:41 of 3rd period - Melker Karlsson wins face-off versus Aleksander Barkov in Mustangs zone.
14:29 of 3rd period - Wrist shot by Quinton Howden.
14:29 of 3rd period - Stopped by Connor Hellebyuk with a rebound.
15:14 of 3rd period - Snap shot by Melker Karlsson.
15:14 of 3rd period - Stopped by Garret Sparks without a rebound.
15:15 of 3rd period - Melker Karlsson wins face-off versus Aleksander Barkov in Remparts zone.
15:30 of 3rd period - Slapshot by Mark Stone.
15:30 of 3rd period - Stopped by Garret Sparks with a rebound.
16:32 of 3rd period - Wrist shot by Melker Karlsson.
16:32 of 3rd period - Shot Misses the Net.
16:34 of 3rd period - Wrist shot by Melker Karlsson.
16:34 of 3rd period - Goal by Melker Karlsson - Remparts : 3 - Mustangs : 5.
16:35 of 3rd period - Quinton Howden wins face-off versus Iven Barbashev in neutral zone.
17:22 of 3rd period - Snap shot by Michael Latta.
17:22 of 3rd period - Shot Misses the Net.
17:56 of 3rd period - Off-side.
17:57 of 3rd period - Cedric Paquette wins face-off versus Iven Barbashev in neutral zone.
18:03 of 3rd period - Minor Penalty to Craig Smith for Hooking.
18:04 of 3rd period - Melker Karlsson wins face-off versus Aleksander Barkov in Mustangs zone.
18:04 of 3rd period - Melker Karlsson is hit by Aleksander Barkov.
18:31 of 3rd period - Melker Karlsson is hit by Jake Virtanen and loses puck.
18:40 of 3rd period - Snap shot by Griffin Reinhart.
18:40 of 3rd period - Shot Misses the Net.
18:42 of 3rd period - Wrist shot by Jake Virtanen.
18:42 of 3rd period - Goal by Jake Virtanen - Remparts : 4 - Mustangs : 5.
18:43 of 3rd period - Quinton Howden wins face-off versus Iven Barbashev in neutral zone.
18:48 of 3rd period - Remparts, Garret Sparks is pulled from the net.
18:54 of 3rd period - Wrist shot by Quinton Howden.
18:54 of 3rd period - Stopped by Connor Hellebyuk with a rebound.
19:14 of 3rd period - Off-side.
19:15 of 3rd period - Glen Gulutzan call a timeout for Remparts.
19:15 of 3rd period - Aleksander Barkov wins face-off versus Melker Karlsson in neutral zone.
19:36 of 3rd period - Snap shot by Aleksander Barkov.
19:36 of 3rd period - Deflect By Tobias Rieder.
19:36 of 3rd period - Deflect By Will Butcher.
19:36 of 3rd period - Shot Misses the Net.
19:36 of 3rd period - Puck is out of play.
19:37 of 3rd period - Melker Karlsson wins face-off versus Aleksander Barkov in Mustangs zone.
19:39 of 3rd period - Minor Penalty to Melker Karlsson for Holding.
19:40 of 3rd period - Mark Stone wins face-off versus Aleksander Barkov in Mustangs zone.
Goals for this period are 1 for Remparts vs 3 for Mustangs.
Shots for this period are 12 for Remparts vs 11 for Mustangs.